[Event "Titled Tuesday Blitz May 03 Early 2022"]
[White "Bortnyk, Olexandr"]
[Black "Di Nicolantonio, Lucas"]
[WhiteFideId "14120828"]
[BlackFideId "680460"]
[WhiteElo "2723"]
[BlackElo "2381"]
[Result "1-0"]
[Round "01"]
[TimeControl "180+1"]
[Date "2022.05.03"]
[WhiteClock "0:00:24"]
[BlackClock "0:00:01"]

1. d4 g6 2. e4 Bg7 3. Nf3 d6 4. Bc4 e6 5. Bb3 Ne7 6. c3 h6 7. Qe2 b6 8. Bf4 Nd7 9. Nbd2 Bb7 10. h4 Nf6 11. O-O-O Qd7 12. e5 Nfd5 13. Bh2 h5 14. Ne4 Nf5 15. Kb1 a5 16. Bc4 O-O 17. Qd2 b5 18. Bxd5 Bxd5 19. Nf6+ Bxf6 20. exf6 b4 21. c4 Bxc4 22. g4 hxg4 23. Ng5 Qa4 24. b3 Bxb3 25. axb3 Qxb3+ 26. Qb2 Qxb2+ 27. Kxb2 a4 28. Bf4 b3 29. Ka3 Rfb8 30. Rd2 Rb5 31. h5 gxh5 32. Ne4 e5 33. Nc3 Nxd4 34. Rxd4 exd4 35. Nxb5 Re8 36. Nxc7 Re2 37. Nd5 Ra2+ 38. Kb4 b2 39. Ka5 Ra1 40. Rxh5 Re1 41. Be3 1-0


[Site "https://www.chess.com"]

[Event "Titled Tuesday Blitz May 03 Early 2022"]
[White "Camacho Collados, Jose"]
[Black "Andreikin, Dmitry"]
[WhiteFideId "2265427"]
[BlackFideId "4158814"]
[WhiteElo "2351"]
[BlackElo "2736"]
[Result "1/2-1/2"]
[Round "01"]
[TimeControl "180+1"]
[Date "2022.05.03"]
[WhiteClock "0:00:12"]
[BlackClock "0:00:35"]

1. c4 e5 2. g3 g6 3. Bg2 Bg7 4. Nc3 Ne7 5. d3 c6 6. e4 d6 7. Nge2 a6 8. a4 a5 9. O-O Na6 10. Be3 O-O 11. d4 Bg4 12. h3 Bxe2 13. Nxe2 Qc7 14. Qb3 exd4 15. Bxd4 Nc5 16. Bxc5 dxc5 17. f4 Rad8 18. Rad1 Rxd1 19. Rxd1 Rd8 20. e5 Rxd1+ 21. Qxd1 Nf5 22. Kh2 f6 23. exf6 Bxf6 24. Nc3 Bd4 25. Qe2 Kf7 26. Be4 Ne3 27. Qf3 Kg7 28. Ne2 Qd6 29. b3 Nd1 30. f5 Nf2 31. fxg6 hxg6 32. Bc2 Qd7 33. Nxd4 Qxd4 34. Kg2 Nxh3 35. Kxh3 Qd2 36. Qe4 Qh6+ 37. Kg2 Qd2+ 38. Kf3 Qc3+ 39. Kg4 Qf6 40. Kh3 Qg5 41. Kg2 Qd2+ 42. Kh3 Qh6+ 43. Kg2 Qd2+ 1/2-1/2


[Site "https://www.chess.com"]

[Event "Titled Tuesday Blitz May 03 Early 2022"]
[White "Ciorgovean, Iustin"]
[Black "Kohler, Aran"]
[WhiteFideId "1242911"]
[BlackFideId "1002856"]
[WhiteElo "2075"]
[BlackElo "2290"]
[Result "1-0"]
[Round "01"]
[TimeControl "180+1"]
[Date "2022.05.03"]
[WhiteClock "0:01:26"]
[BlackClock "0:00:51"]

1. d4 Nf6 2. c4 c5 3. d5 b5 4. cxb5 a6 5. e3 Qa5+ 6. Bd2 Qb6 7. Nc3 axb5 8. Bxb5 g6 9. a4 Bg7 10. Nf3 O-O 11. O-O d6 12. e4 Bg4 13. h3 Bxf3 14. Qxf3 Nbd7 15. Qe2 Rfb8 16. Kh2 Qc7 17. f4 e6 18. Qd3 exd5 19. exd5 Nb6 20. b3 Nfd7 21. Bc6 Ra7 22. Nb5 c4 23. Qf3 Bxa1 24. Nxc7 Rxc7 25. Rxa1 cxb3 26. Qxb3 Nc5 27. Qc2 1-0


[Site "https://www.chess.com"]

[Event "Titled Tuesday Blitz May 03 Early 2022"]
[White "Cramling Bellon, Anna"]
[Black "Agasarov, Benik"]
[WhiteFideId "32009232"]
[BlackFideId "13314823"]
[WhiteElo "1905"]
[BlackElo "2560"]
[Result "1-0"]
[Round "01"]
[TimeControl "180+1"]
[Date "2022.05.03"]
[WhiteClock "0:00:07"]
[BlackClock "0:01:41"]

1. d4 d5 2. c4 c6 3. Nf3 Nf6 4. Nc3 a6 5. c5 g6 6. Bf4 Bg7 7. e3 O-O 8. h3 Re8 9. Be2 Nfd7 10. O-O e5 11. Nxe5 Nxe5 12. Bxe5 Bxe5 13. dxe5 Rxe5 14. Qd4 Nd7 15. b4 Qe7 16. a4 Nf6 17. b5 Ne4 18. Nxe4 Rxe4 19. Qc3 d4 20. Qc2 dxe3 21. f3 Re5 22. Rfc1 Bf5 23. Qc3 axb5 24. axb5 Rxa1 25. Rxa1 Qxc5 26. Ra8+ Kg7 27. Qb2 Kh6 28. f4 Re6 29. g4 Be4 30. g5+ Qxg5+ 31. fxg5+ Kxg5 32. bxc6 Bxc6 33. Ra5+ f5 34. Qg7 Rd6 35. Qe7+ Rf6 36. h4+ Kxh4 37. Qxf6+ g5 38. Qh6+ Kg3 39. Qh2# 1-0


[Site "https://www.chess.com"]

[Event "Titled Tuesday Blitz May 03 Early 2022"]
[White "Cremisi, Daniel"]
[Black "Bok, Benjamin"]
[WhiteFideId "2089882"]
[BlackFideId "1017063"]
[WhiteElo "2172"]
[BlackElo "2658"]
[Result "0-1"]
[Round "01"]
[TimeControl "180+1"]
[Date "2022.05.03"]
[WhiteClock "0:01:17"]
[BlackClock "0:01:35"]

1. d4 d5 2. c4 c6 3. Nc3 Nf6 4. cxd5 cxd5 5. Bf4 Nc6 6. Nf3 Bf5 7. e3 e6 8. Bd3 Bxd3 9. Qxd3 Be7 10. O-O O-O 11. Rac1 Qb6 12. Na4 Qa5 13. Qb3 Rfc8 14. Nc5 b6 15. Nb7 Qb4 16. Qxb4 Nxb4 17. Nd6 Bxd6 18. Bxd6 Nd3 19. Rb1 Ne4 20. Ba3 Rc2 21. Ne1 Nxe1 22. Rbxe1 Nd2 23. Rc1 Rac8 24. Rxc2 Rxc2 25. Rb1 Nc4 26. h3 f5 27. Rd1 a5 28. Rd3 b5 29. Bc5 Rxb2 30. a3 b4 31. axb4 axb4 32. Rd1 b3 33. Ra1 Ra2 34. Rb1 b2 0-1


[Site "https://www.chess.com"]

[Event "Titled Tuesday Blitz May 03 Early 2022"]
[White "Cunha, Lucas Aguiar"]
[Black "Namitbir Singh Walia"]
[WhiteFideId "2125404"]
[BlackFideId "35071068"]
[WhiteElo "2361"]
[BlackElo "1565"]
[Result "1-0"]
[Round "01"]
[TimeControl "180+1"]
[Date "2022.05.03"]
[WhiteClock "0:00:58"]
[BlackClock "0:00:10"]

1. e4 c5 2. Nf3 Nc6 3. Nc3 g6 4. d4 cxd4 5. Nxd4 Bg7 6. Nb3 d6 7. Be2 Nf6 8. g4 O-O 9. g5 Nd7 10. Be3 a5 11. a4 b6 12. f4 Nc5 13. Nd4 Bb7 14. Ndb5 Nb4 15. Bf3 Rc8 16. O-O h6 17. gxh6 Bxh6 18. Qd2 Qd7 19. Rae1 Bc6 20. b3 Qb7 21. f5 Bxe3+ 22. Rxe3 Nd7 23. Bg2 Ne5 24. f6 exf6 25. Nxd6 Rcd8 26. Rd1 Qe7 27. Rg3 Rd7 28. Nf5 Qd8 29. Qh6 Rxd1+ 30. Bf1 Nf3+ 31. Rxf3 Rxf1+ 32. Kxf1 Bb5+ 33. axb5 1-0


[Site "https://www.chess.com"]

[Event "Titled Tuesday Blitz May 03 Early 2022"]
[White "Dang, Hoang Son"]
[Black "Lopez, Henry"]
[WhiteFideId "12402435"]
[BlackFideId "5203830"]
[WhiteElo "2252"]
[BlackElo "2177"]
[Result "0-1"]
[Round "01"]
[TimeControl "180+1"]
[Date "2022.05.03"]
[WhiteClock "0:00:04"]
[BlackClock "0:00:39"]

1. d4 Nf6 2. Bf4 d5 3. e3 c5 4. Nf3 Nc6 5. Nbd2 Qb6 6. dxc5 Qxc5 7. Nb3 Qb6 8. Be2 Bg4 9. O-O e6 10. h3 Bh5 11. a4 a6 12. Nfd4 Bxe2 13. Qxe2 Be7 14. a5 Qd8 15. Rfd1 O-O 16. c4 Nxd4 17. Rxd4 Qe8 18. c5 Rc8 19. Rc1 Ne4 20. Rb4 Qd7 21. Qg4 f5 22. Qd1 Nxc5 23. Rb6 Na4 24. Nd4 Nxb6 25. axb6 Bd6 26. Nf3 Bxf4 27. exf4 Qd6 28. Rxc8 Rxc8 29. Qd4 Rc4 30. Qe3 Rxf4 31. Ne5 Re4 32. Qc3 Qxe5 33. Qc8+ Kf7 34. Qxb7+ Kf6 35. g3 Re1+ 36. Kh2 Qe4 37. g4 Qh1+ 38. Kg3 Rg1+ 39. Kh4 Rxg4+ 0-1


[Site "https://www.chess.com"]

[Event "Titled Tuesday Blitz May 03 Early 2022"]
[White "Dauner, Benedikt"]
[Black "Grischuk, Alexander"]
[WhiteFideId "16225899"]
[BlackFideId "4126025"]
[WhiteElo "2230"]
[BlackElo "2762"]
[Result "0-1"]
[Round "01"]
[TimeControl "180+1"]
[Date "2022.05.03"]
[WhiteClock "0:00:03"]
[BlackClock "0:02:09"]

1. d4 Nf6 2. Nc3 d5 3. Bf4 e6 4. e3 Bb4 5. Bd3 c5 6. dxc5 Nc6 7. Nf3 Bxc5 8. O-O Bb4 9. Qe2 O-O 10. e4 Bxc3 11. bxc3 dxe4 12. Bxe4 Nxe4 13. Qxe4 Qd5 14. Qxd5 exd5 15. Nd4 Nxd4 16. cxd4 Bf5 17. Rab1 b6 18. Rb5 Rfd8 19. Rc1 Be6 20. c3 Rac8 21. Kf1 Rc4 22. Rb4 Rdc8 23. Rxc4 Rxc4 24. Ke2 Kf8 25. Kd2 Ke7 26. Rb1 Ra4 27. Rb2 Kd7 28. h4 f6 29. h5 g5 30. hxg6 hxg6 31. f3 g5 32. Bb8 Kc6 33. Bg3 Bc8 34. f4 Ba6 35. fxg5 fxg5 36. Be5 g4 37. Ke3 Bc4 38. Kf4 Ra3 39. Kxg4 Rxc3 40. g3 Ra3 41. Kh4 Rxa2 42. Rxa2 Bxa2 43. g4 a5 44. g5 Bb1 45. Kg3 b5 46. Kf2 b4 47. Ke1 Kb5 48. Kd2 a4 49. Kc1 Bg6 50. Bd6 Kc4 51. Bc5 Kb3 52. Bd6 a3 53. Bxb4 Kxb4 54. Kd2 Kb3 55. Ke3 a2 56. Kf4 a1=Q 0-1


[Site "https://www.chess.com"]

[Event "Titled Tuesday Blitz May 03 Early 2022"]
[White "De Souza, Cristiano Gomes"]
[Black "Khabinets, Ivan"]
[WhiteFideId "2151758"]
[BlackFideId "14115980"]
[WhiteElo "2068"]
[BlackElo "2114"]
[Result "0-1"]
[Round "01"]
[TimeControl "180+1"]
[Date "2022.05.03"]
[WhiteClock "0:00:11"]
[BlackClock "0:01:08"]

1. d4 d5 2. c4 e6 3. Nf3 a6 4. Nc3 dxc4 5. a4 Nf6 6. e3 c5 7. Bxc4 b6 8. O-O Bb7 9. Qe2 Nc6 10. Rd1 Qc7 11. dxc5 Bxc5 12. b3 O-O 13. Bb2 Rad8 14. h3 Nb4 15. Rac1 h6 16. Ba1 Rxd1+ 17. Rxd1 Rd8 18. Rxd8+ Qxd8 19. Nb1 Ne4 20. Nbd2 Nd6 21. Bd4 Nf5 22. Bxc5 bxc5 23. e4 Nd4 24. Nxd4 Qxd4 25. Kf1 Na2 26. Nf3 Qa1+ 27. Qe1 Qb2 28. Qe2 Qc1+ 29. Qe1 Qc2 30. Qe2 Bxe4 31. Qxc2 Bxc2 32. Nd2 Nb4 33. Ke2 Kf8 34. Ke3 Ke7 35. Ne4 Bxe4 36. Kxe4 Kd6 37. f4 f5+ 38. Kf3 e5 39. fxe5+ Kxe5 40. g3 a5 41. Ke3 g5 42. Kf3 Nc2 43. Ke2 Kd4 44. Kf3 Ne3 45. Be6 Ke5 46. Bc8 Nc2 47. Ba6 Nd4+ 48. Ke3 Nxb3 0-1


[Site "https://www.chess.com"]

[Event "Titled Tuesday Blitz May 03 Early 2022"]
[White "Deac, Bogdan-Daniel"]
[Black "Nozdrachev, Leonid"]
[WhiteFideId "1226380"]
[BlackFideId "24113433"]
[WhiteElo "2648"]
[BlackElo "2242"]
[Result "1-0"]
[Round "01"]
[TimeControl "180+1"]
[Date "2022.05.03"]
[WhiteClock "0:00:56"]
[BlackClock "0:00:03"]

1. d4 Nf6 2. c4 e6 3. Nf3 c5 4. g3 d5 5. cxd5 exd5 6. Bg2 Nc6 7. O-O Be6 8. b3 cxd4 9. Nxd4 Nxd4 10. Qxd4 Be7 11. Bb2 O-O 12. Nc3 a6 13. Rfd1 Rc8 14. e3 Qa5 15. Nxd5 Bxd5 16. Bxd5 Rfd8 17. Qe5 Bb4 18. Bxb7 Qxe5 19. Bxe5 Rxd1+ 20. Rxd1 Re8 21. Bxf6 gxf6 22. Bxa6 Ra8 23. Rd4 Rxa6 24. Rxb4 Rxa2 25. Rg4+ Kf8 26. b4 Rb2 27. Kf1 Rc2 28. Rf4 Kg7 29. Ke1 Rb2 30. Kd1 Kf8 31. Kc1 Re2 32. Rxf6 Ke7 33. Rf4 Ke6 34. b5 Ra2 35. b6 Kd7 36. Rxf7+ Kc8 37. Kd1 Kb8 38. Ke1 h5 39. Rh7 h4 40. Rxh4 Kb7 41. Rh6 1-0


[Site "https://www.chess.com"]

[Event "Titled Tuesday Blitz May 03 Early 2022"]
[White "Delorme, Alban"]
[Black "Solovchuk, Oleksiy"]
[WhiteFideId "623636"]
[BlackFideId "14115220"]
[WhiteElo "2197"]
[BlackElo "2305"]
[Result "1-0"]
[Round "01"]
[TimeControl "180+1"]
[Date "2022.05.03"]
[WhiteClock "0:00:15"]
[BlackClock "0:00:18"]

1. d4 Nf6 2. Nf3 e6 3. g3 b6 4. Bg2 Bb7 5. O-O c5 6. c4 cxd4 7. Qxd4 Be7 8. Nc3 Nc6 9. Qf4 d6 10. b3 a6 11. Rd1 Qc7 12. Ba3 Rd8 13. Rac1 Qb8 14. Na4 b5 15. cxb5 axb5 16. Nc3 Ba8 17. Ne4 b4 18. Bb2 Nxe4 19. Qxe4 Ne5 20. Qf4 Ng6 21. Qd4 e5 22. Qd2 O-O 23. h4 h5 24. Ng5 Bxg2 25. Kxg2 d5 26. Rc6 d4 27. Rdc1 Rc8 28. f3 Qa8 29. Rc7 Rxc7 30. Rxc7 Bxg5 31. hxg5 Qxa2 32. Qc2 h4 33. Bc1 Qa1 34. Rc4 hxg3 35. Rxb4 Nf4+ 36. Bxf4 exf4 37. g6 Qe1 38. gxf7+ Kh8 39. e4 dxe3 40. Rxf4 g5 41. Qb2+ Kh7 42. Qc2+ Kg7 43. Qb2+ Kh6 44. Qf6+ Kh5 45. Rh4+ gxh4 46. Qf5+ Kh6 47. Qf6+ Kh7 48. Qxh4+ Kg6 49. Qg4+ Kxf7 50. Qf5+ Ke7 51. Qe5+ Kd7 52. Qd5+ Kc7 53. Qc5+ Kb7 54. Qb5+ Ka7 55. Qc5+ Ka6 56. Qc6+ Ka5 57. Qc5+ Ka6 58. Qc6+ Ka7 59. Qc7+ Ka8 60. Qc6+ Kb8 61. Qb6+ Kc8 62. Qc6+ Kd8 63. Qd6+ Ke8 64. Qe6+ Kd8 65. Qd6+ Kc8 66. Qxf8+ Kd7 67. Qf7+ Kd6 68. Qf6+ Kd5 69. Qg5+ Kd4 70. Qd8+ Kc3 71. Qa5+ 1-0


[Site "https://www.chess.com"]

[Event "Titled Tuesday Blitz May 03 Early 2022"]
[White "Demchenko, Anton"]
[Black "Saksham, Rautela"]
[WhiteFideId "4160258"]
[BlackFideId "35046977"]
[WhiteElo "2539"]
[BlackElo "1990"]
[Result "0-1"]
[Round "01"]
[TimeControl "180+1"]
[Date "2022.05.03"]
[WhiteClock "0:00:05"]
[BlackClock "0:00:06"]

1. e4 e5 2. Nf3 Nc6 3. Bc4 Nf6 4. d3 Bc5 5. Bg5 h6 6. Bh4 a6 7. c3 d6 8. Nbd2 Ba7 9. O-O g5 10. Bg3 Ne7 11. d4 exd4 12. Nxd4 Ng6 13. Kh1 Qe7 14. Re1 Ne5 15. Bf1 h5 16. f3 Bd7 17. Bf2 h4 18. Qb3 Bb6 19. Nf5 Bxf5 20. Bxb6 Be6 21. Qa4+ Bd7 22. Qd4 cxb6 23. Qxb6 Bc6 24. Nb3 g4 25. f4 Ned7 26. Qd4 Bxe4 27. Nd2 d5 28. c4 O-O 29. cxd5 Rfe8 30. Bd3 Qc5 31. Qxc5 Nxc5 32. Bf1 h3 33. Kg1 hxg2 34. Bxg2 Bxg2 35. Kxg2 Nd3 36. Rxe8+ Rxe8 37. Kg3 Re2 38. Nc4 Nxb2 39. Ne5 Re3+ 40. Kh4 Nd3 41. Nxg4 Nxg4 42. Kxg4 Re4 43. Kf3 Rd4 44. Ke3 Rxd5 45. Rg1+ Kf8 46. h4 Nc5 47. Rc1 b6 48. Rb1 b5 49. Rc1 Ne6 50. Rh1 Rc5 51. h5 Kg7 52. Rg1+ Kh6 53. Rg8 Kxh5 54. Ke4 Rc4+ 55. Ke5 Rxf4 56. Ra8 Ra4 57. Kf5 Kh6 58. Kf6 Rf4+ 59. Ke5 Kg6 60. Rg8+ Kh7 61. Ra8 Kg7 62. Rxa6 Ra4 63. Rb6 Rxa2 64. Rxb5 Re2+ 65. Kd5 Nc7+ 66. Kc4 Nxb5 67. Kd3 Re6 0-1


[Site "https://www.chess.com"]

[Event "Titled Tuesday Blitz May 03 Early 2022"]
[White "Djokic, Mihailo"]
[Black "Ozturk, Efe Hakan"]
[WhiteFideId "976440"]
[BlackFideId "34550216"]
[WhiteElo "2202"]
[BlackElo "1924"]
[Result "1-0"]
[Round "01"]
[TimeControl "180+1"]
[Date "2022.05.03"]
[WhiteClock "0:00:56"]
[BlackClock "0:00:02"]

1. e4 g6 2. d4 Bg7 3. Nc3 c6 4. Be3 d5 5. Nf3 dxe4 6. Nxe4 Nf6 7. Nxf6+ exf6 8. Be2 O-O 9. Qd2 Re8 10. h4 h5 11. O-O-O Be6 12. Kb1 Qd5 13. c4 Bf5+ 14. Ka1 Qe4 15. Qc3 Qc2 16. Qxc2 Bxc2 17. Rd2 Be4 18. d5 Na6 19. a3 f5 20. g3 c5 21. Rhd1 b6 22. Ng5 Rad8 23. Bf4 Bd4 24. f3 f6 25. fxe4 fxg5 26. Bxg5 Rd7 27. exf5 gxf5 28. Bxh5 Re4 29. Bf3 Re8 30. Kb1 Nc7 31. Rf1 b5 32. Bh5 Rb8 33. cxb5 Nxb5 34. Ka2 Rxd5 35. Re2 Nd6 36. b3 Re5 37. Rc2 Ne4 38. Bf4 Rd5 39. Bxb8 Nc3+ 40. Rxc3 Bxc3 41. Rf2 Rd2+ 42. Rxd2 Bxd2 43. Bf4 Bxf4 44. gxf4 1-0


[Site "https://www.chess.com"]

[Event "Titled Tuesday Blitz May 03 Early 2022"]
[White "Djordjevic, Vuk"]
[Black "Avazkhonov, Alikhon"]
[WhiteFideId "902098"]
[BlackFideId "14208504"]
[WhiteElo "2747"]
[BlackElo "2433"]
[Result "1-0"]
[Round "01"]
[TimeControl "180+1"]
[Date "2022.05.03"]
[WhiteClock "0:00:32"]
[BlackClock "0:00:07"]

1. d4 d5 2. Bf4 Nf6 3. e3 e6 4. Nd2 Bd6 5. Bg3 O-O 6. Ngf3 b6 7. c3 c5 8. Bd3 Bb7 9. O-O Nc6 10. Qe2 Ne7 11. dxc5 Bxg3 12. hxg3 bxc5 13. e4 dxe4 14. Nxe4 Nxe4 15. Bxe4 Bxe4 16. Qxe4 Qd5 17. Qe2 Rfd8 18. Rfd1 Qb7 19. Ne5 Nd5 20. Rd2 Nb6 21. Rad1 Qc7 22. g4 h6 23. g3 Rxd2 24. Rxd2 Rd8 25. Nf3 Rxd2 26. Qxd2 Nc4 27. Qe2 Nd6 28. g5 hxg5 29. Nxg5 Qd8 30. Qe5 Nf5 31. Nf3 Qd1+ 32. Kg2 Qc2 33. Qxc5 Qxb2 34. Qxa7 Qxc3 35. Qa8+ Kh7 36. Qe4 Qa3 37. g4 Qxa2 38. gxf5 exf5 39. Qxf5+ Kg8 40. Ng5 Qa8+ 41. Qf3 Qe8 42. Qe4 Qd8 43. Qh7+ Kf8 44. Qh8+ Ke7 45. Qxd8+ Kxd8 46. Nxf7+ Ke7 47. Ng5 Kf6 48. Nh3 Kf5 49. Kf3 g5 50. Kg3 g4 51. Nf4 Kg5 52. Ng2 Kf5 53. Ne3+ Kg5 54. Nxg4 1-0


[Site "https://www.chess.com"]

[Event "Titled Tuesday Blitz May 03 Early 2022"]
[White "Donchenko, Alexander"]
[Black "Manukyan, Sargis A."]
[WhiteFideId "24603295"]
[BlackFideId "13303970"]
[WhiteElo "2539"]
[BlackElo "2187"]
[Result "1-0"]
[Round "01"]
[TimeControl "180+1"]
[Date "2022.05.03"]
[WhiteClock "0:02:25"]
[BlackClock "0:01:33"]

1. d4 d5 2. Nf3 e6 3. Bf4 c5 4. e3 Nc6 5. c3 Bd6 6. Bg3 Bxg3 7. hxg3 cxd4 8. exd4 Nf6 9. Bd3 h6 10. Nbd2 Qd6 11. Qe2 Rb8 12. a4 a6 13. a5 Qc7 14. b4 Ne7 15. Rc1 b6 16. axb6 Rxb6 17. O-O O-O 18. Nb3 Bb7 19. Nc5 Nd7 20. Ra1 Nxc5 21. dxc5 Rc6 22. Ne5 a5 23. Rxa5 f6 24. Nxc6 Qxc6 25. b5 Qxc5 26. Qxe6+ Kh8 27. Re1 Qxc3 28. Qxe7 Rg8 29. Ra3 1-0


[Site "https://www.chess.com"]

[Event "Titled Tuesday Blitz May 03 Early 2022"]
[White "Erdogdu, Mert"]
[Black "Heinemann, Josefine"]
[WhiteFideId "6301495"]
[BlackFideId "12900460"]
[WhiteElo "2485"]
[BlackElo "2300"]
[Result "0-1"]
[Round "01"]
[TimeControl "180+1"]
[Date "2022.05.03"]
[WhiteClock "0:00:06"]
[BlackClock "0:00:19"]

1. e4 c6 2. d4 d5 3. exd5 cxd5 4. c4 Nf6 5. Nc3 Nc6 6. Bg5 Be6 7. a3 Rc8 8. Be2 h6 9. Bxf6 exf6 10. Bf3 Ne7 11. c5 g6 12. Nge2 Bg7 13. O-O O-O 14. Nf4 f5 15. Re1 Qd7 16. b4 Nc6 17. Bxd5 Bxd5 18. Nfxd5 Rcd8 19. Qa4 Nxd4 20. Qxa7 Rfe8 21. Rxe8+ Rxe8 22. Rf1 g5 23. Qb6 Ne2+ 24. Nxe2 Qxd5 25. Ng3 Re6 26. Qc7 f4 27. Nh5 Bd4 28. Qc8+ Kh7 29. Qf8 Re2 30. Kh1 Kg6 31. h3 Kxh5 32. Qg8 Rxf2 33. Rxf2 Bxf2 34. Kh2 Bg3+ 0-1


[Site "https://www.chess.com"]

[Event "Titled Tuesday Blitz May 03 Early 2022"]
[White "Estrada Nieto, Julian"]
[Black "Darini, Pouria"]
[WhiteFideId "5101018"]
[BlackFideId "12502200"]
[WhiteElo "2252"]
[BlackElo "2489"]
[Result "0-1"]
[Round "01"]
[TimeControl "180+1"]
[Date "2022.05.03"]
[WhiteClock "0:00:06"]
[BlackClock "0:00:14"]

1. e4 c5 2. Nf3 d6 3. d4 cxd4 4. Qxd4 Nf6 5. Nc3 Nc6 6. Bb5 Bd7 7. Bxc6 Bxc6 8. Bg5 e6 9. O-O-O Be7 10. Rhe1 O-O 11. Kb1 Qa5 12. Qd2 Qa6 13. Nd4 b5 14. f3 b4 15. Nce2 Rfc8 16. g4 Be8 17. Ng3 Rc5 18. h4 Ra5 19. Nb3 Rxa2 20. Nh5 Bb5 21. Bxf6 Bxf6 22. Nxf6+ gxf6 23. Qxb4 Rd8 24. Qc3 Bc4 25. Rd4 Rc8 26. Kc1 e5 27. Rdd1 Bxb3 28. Qxb3 Qa5 29. c3 Rc6 30. Kc2 Rb6 31. Rd5 Rxb3 32. Rxa5 Rbxb2+ 33. Kc1 Rc2+ 34. Kb1 Rab2+ 35. Ka1 Rb7 36. Rd1 Rxc3 37. Rxd6 Rxf3 38. Raa6 Rf1+ 39. Ka2 Rf2+ 40. Ka3 Rf3+ 41. Ka2 Kg7 42. g5 Rf2+ 43. Ka3 Rf3+ 44. Ka2 fxg5 45. hxg5 Rf2+ 46. Ka3 Rf3+ 47. Ka2 Rf4 48. Ra4 Rf2+ 49. Ka3 Rf3+ 50. Ka2 Rf2+ 51. Ka1 Rf1+ 52. Ka2 Rg1 53. Rd5 Rxg5 54. Raa5 f6 55. Rac5 Rg2+ 56. Ka3 Rg3+ 57. Ka2 Rg2+ 58. Ka3 Rg4 59. Rc4 h5 60. Rb4 Rxb4 61. Kxb4 Rxe4+ 62. Kc3 Rd4 63. Ra5 Rd7 64. Ra6 Kg6 65. Kc4 Kg5 66. Kc5 h4 67. Kc6 Rd4 68. Kc7 h3 69. Rxa7 h2 70. Ra8 h1=Q 71. Rg8+ Kf5 0-1


[Site "https://www.chess.com"]

[Event "Titled Tuesday Blitz May 03 Early 2022"]
[White "Fernandez Siles, Luis"]
[Black "Taichman, Ori"]
[WhiteFideId "2209420"]
[BlackFideId "2804069"]
[WhiteElo "2212"]
[BlackElo "2227"]
[Result "0-1"]
[Round "01"]
[TimeControl "180+1"]
[Date "2022.05.03"]
[WhiteClock "0:00:16"]
[BlackClock "0:00:15"]

1. d4 Nf6 2. c4 g6 3. Nc3 Bg7 4. e4 O-O 5. Nf3 d6 6. Be2 e5 7. O-O Nc6 8. d5 Ne7 9. b4 Ne8 10. a4 f5 11. Ba3 Bh6 12. c5 Nf6 13. cxd6 cxd6 14. Nd2 Bxd2 15. Qxd2 fxe4 16. a5 Nf5 17. a6 bxa6 18. b5 Nd4 19. Bc4 axb5 20. Nxb5 Nxb5 21. Bxb5 Bb7 22. Bc6 Rb8 23. Rac1 Ba6 24. Rfe1 Ng4 25. Rxe4 Nxf2 26. Ra4 Qb6 27. Bxd6 Nd1+ 28. Bc5 Rf1# 0-1


[Site "https://www.chess.com"]

[Event "Titled Tuesday Blitz May 03 Early 2022"]
[White "Fier, Alexandr"]
[Black "Jian, Alex"]
[WhiteFideId "2107139"]
[BlackFideId "30901022"]
[WhiteElo "2571"]
[BlackElo "2111"]
[Result "0-1"]
[Round "01"]
[TimeControl "180+1"]
[Date "2022.05.03"]
[WhiteClock "0:01:45"]
[BlackClock "0:00:31"]

1. d4 Nf6 2. c4 e6 3. Nc3 d5 4. cxd5 Nxd5 5. e4 Nxc3 6. bxc3 c5 7. Nf3 cxd4 8. cxd4 Bb4+ 9. Bd2 Bxd2+ 10. Qxd2 O-O 11. Bd3 Nc6 12. Qe3 b6 13. O-O Bb7 14. Rad1 Qe7 15. Rfe1 Rac8 16. Qf4 Rfd8 17. d5 Nb4 18. Bb1 exd5 19. e5 Rc4 20. Nd4 Nc6 21. Nxc6 Bxc6 22. Qf5 g6 23. Qh3 Bd7 24. Qh6 Be6 25. f4 Rdc8 26. Rf1 Qf8 27. Qh4 Qa3 28. f5 Rxh4 0-1


[Site "https://www.chess.com"]

[Event "Titled Tuesday Blitz May 03 Early 2022"]
[White "Fiorito, Fabian"]
[Black "Babazada, Khazar"]
[WhiteFideId "100200"]
[BlackFideId "13413554"]
[WhiteElo "2395"]
[BlackElo "2406"]
[Result "0-1"]
[Round "01"]
[TimeControl "180+1"]
[Date "2022.05.03"]
[WhiteClock "0:00:17"]
[BlackClock "0:02:11"]

1. e4 Nf6 2. e5 Nd5 3. d4 d6 4. c4 Nb6 5. exd6 cxd6 6. Nc3 g6 7. Be3 Bg7 8. Be2 O-O 9. Nf3 Bg4 10. b3 d5 11. O-O Nc6 12. c5 Nc8 13. h3 Bxf3 14. Bxf3 e6 15. a3 N8e7 16. b4 Nf5 17. Ne2 Qf6 18. Qb3 Ncxd4 19. Nxd4 Nxd4 20. Bxd4 Qxd4 21. Rfd1 Qf4 22. Rac1 Rfc8 23. b5 Bf8 24. g3 Qf6 25. c6 bxc6 26. bxc6 Rab8 27. Qd3 Rb2 28. Rc3 Bd6 29. Rdc1 Bc7 30. Qa6 Rf8 31. Qxa7 Bb6 32. Qa4 Rxf2 33. Kh1 Rxf3 0-1


[Site "https://www.chess.com"]

[Event "Titled Tuesday Blitz May 03 Early 2022"]
[White "Gallegos Diaz, Carlos Alberto"]
[Black "Preotu, Razvan"]
[WhiteFideId "3900886"]
[BlackFideId "2613280"]
[WhiteElo "2433"]
[BlackElo "2746"]
[Result "0-1"]
[Round "01"]
[TimeControl "180+1"]
[Date "2022.05.03"]
[WhiteClock "0:00:01"]
[BlackClock "0:00:34"]

1. e4 c5 2. Nf3 d6 3. d3 Nc6 4. Nbd2 g6 5. Be2 Bg7 6. O-O e5 7. h3 Nge7 8. c3 O-O 9. a3 h6 10. b4 g5 11. Re1 Ng6 12. Bf1 g4 13. hxg4 Bxg4 14. b5 Nce7 15. Bb2 f5 16. exf5 Nxf5 17. Qb3+ Kh8 18. Nh2 Bh5 19. g3 d5 20. Bg2 c4 21. dxc4 e4 22. Ndf1 Ne5 23. cxd5 Nd3 24. Bxe4 Nxf2 25. c4 Qb6 26. Bxg7+ Nxg7 27. Qe3 Qf6 28. Kg2 Rae8 29. Qf4 Qxf4 30. gxf4 Nxe4 31. Re3 Nf5 32. Rh3 Nf6 0-1


[Site "https://www.chess.com"]

[Event "Titled Tuesday Blitz May 03 Early 2022"]
[White "Gatterer, Florian"]
[Black "Souleidis, Georgios"]
[WhiteFideId "811688"]
[BlackFideId "4206827"]
[WhiteElo "2218"]
[BlackElo "2401"]
[Result "0-1"]
[Round "01"]
[TimeControl "180+1"]
[Date "2022.05.03"]
[WhiteClock "0:00:28"]
[BlackClock "0:01:01"]

1. d4 Nf6 2. Bf4 d5 3. e3 e6 4. Nd2 Bd6 5. Ngf3 O-O 6. Bd3 c5 7. dxc5 Bxc5 8. O-O Nc6 9. c4 Re8 10. Rc1 Bd6 11. Bxd6 Qxd6 12. cxd5 exd5 13. Nb3 Bg4 14. Be2 Rad8 15. Nfd4 Bc8 16. h3 Ne5 17. Qc2 Ne4 18. Nc5 Qg6 19. Kh1 h6 20. Nf3 Bf5 21. Nxe5 Rxe5 22. Bd3 Rc8 23. Bxe4 Bxe4 0-1


[Site "https://www.chess.com"]

[Event "Titled Tuesday Blitz May 03 Early 2022"]
[White "Gharibyan, Mamikon"]
[Black "Devaev, Alexander"]
[WhiteFideId "13308300"]
[BlackFideId "4169395"]
[WhiteElo "2769"]
[BlackElo "2446"]
[Result "1-0"]
[Round "01"]
[TimeControl "180+1"]
[Date "2022.05.03"]
[WhiteClock "0:00:10"]
[BlackClock "0:00:03"]

1. c4 c5 2. Nc3 e6 3. e3 Nf6 4. d4 cxd4 5. exd4 d5 6. Nf3 Bb4 7. cxd5 Nxd5 8. Bd2 Nc6 9. a3 Be7 10. Bd3 Bf6 11. Ne4 O-O 12. Nxf6+ Nxf6 13. Bg5 Qd6 14. Bxf6 gxf6 15. O-O Rd8 16. Qe2 Ne7 17. Rac1 Ng6 18. Qe3 Bd7 19. h4 Bc6 20. g3 Rac8 21. h5 Nf8 22. Rcd1 Kg7 23. h6+ Kh8 24. Be4 b6 25. d5 Bxd5 26. Bxd5 exd5 27. Rfe1 Ng6 28. Nd4 Qe5 29. Qf3 Qg5 30. Kg2 Ne5 31. Qf4 Qxf4 32. gxf4 Rg8+ 33. Kf1 Ng4 34. Nf5 Rg6 35. Ne7 Rd8 36. Nxg6+ hxg6 37. Re7 Nxh6 38. Rxa7 Kg7 39. Rb7 Rd6 40. a4 d4 41. Ke2 Nf5 42. b4 Re6+ 43. Kd3 Rc6 44. Ra1 Rc3+ 45. Ke2 Rc2+ 46. Kf3 Rc6 47. a5 bxa5 48. bxa5 d3 49. a6 Nd6 50. Rd7 Nb5 51. Rxd3 f5 52. a7 Nxa7 53. Rxa7 Rc4 54. Rdd7 g5 55. Rxf7+ Kg6 56. fxg5 Kxg5 57. Ra5 Rf4+ 58. Kg2 Rg4+ 59. Kf1 Rf4 60. Ra3 Kg6 61. Rc7 Rd4 62. Rc6+ Kg5 63. Rg3+ Kf4 64. Kg2 1-0


[Site "https://www.chess.com"]